 Dungeon Crawl Stone Soup version bcrawl-1.27.3 (webtiles) character file.

Game seed: 10340717985243688676

133271 hurricos the Sneak (level 4, 0/39 HPs)
             Began as a Naga Sloth Apostle on Oct 10, 2020.
             Was an Initiate of Cheibriados.
             Slain by an ooze (4 damage)
             ... on level 2 of the Dungeon.
             The game lasted 00:03:15 (1428 turns).

hurricos the Sneak (Naga Sloth Apostle)             Turns: 1428, Time: 00:03:16

Health: 0/39       AC:  2    Str: 15    XL:     4   Next: 13%
Magic:  5/5        EV:  6    Int: 14    God:    Cheibriados [......]
Gold:   0          SH:  8    Dex: 12    Spells: 4/5 levels left

rFire    + . .     SeeInvis +     - Fists (6.8)
rCold    . . .     Gourm    .   b - +0 medium shield
rNeg     . . .     Faith    .   a - +0 robe
rPois    +         Spirit   .   (no helmet)
rElec    .         Reflect  .   (no cloak)
rCorr    .         Harm     .   (no gloves)
MR       .....                  (no barding)
Stlth    +++.......             (no amulet)
HPRegen  0.13/turn              l - ring of protection from fire
MPRegen  0.09/turn              (no ring)

@: very slow
A: large, see invisible, deformed body, poison resistance, slowness 2, slow
metabolism 1, spit poison 1, AC +1
a: Spit Poison, Bend Time, Renounce Religion


You were on level 2 of the Dungeon.
You worshipped Cheibriados.
Cheibriados was noncommittal.
You were hungry.

You visited 1 branch of the dungeon, and saw 2 of its levels.

Inventory:

Armour
 a - a +0 robe (worn)
 b - a +0 medium shield (worn)
Jewellery
 l - a ring of protection from fire (left hand)
Wands
 c - a wand of paralysis (1)
Scrolls
 d - a scroll of enchant weapon {unknown}
 h - a scroll of immolation {unknown}
 i - a scroll of teleportation {unknown}
 m - a scroll of remove curse
 o - a scroll of amnesia {unknown}
Potions
 f - a potion of invisibility {unknown}
 g - a potion of brilliance {unknown}
 j - a potion of ambrosia {unknown}
 k - 2 potions of agility {unknown}
 n - 2 potions of curing {unknown}
 p - a potion of degeneration {unknown}
Comestibles
 e - a ration {!d}
 q - 2 chunks of flesh


   Skills:
 - Level 2.0 Fighting
 - Level 4.8 Stealth
 + Level 2.2 Shields
 + Level 2.8 Unarmed Combat
 - Level 1.0 Spellcasting
 - Level 1.0 Hexes
 - Level 2.5 Evocations


You had 4 spell levels left.
You knew the following spells:

 Your Spells              Type           Power        Failure   Level  Hunger
a - Slow                  Hex            #.......     71%         1    None
Your spell library was empty.

Dungeon Overview and Level Annotations

Branches:
Dungeon (2/12)

Altars:


Innate Abilities, Weirdness & Mutations

You cannot wear boots.
Your serpentine skin is tough. (AC +1)
You have supernaturally acute eyesight. (SInv)
Armour fits poorly on your strangely shaped body.
Your system is resistant to poisons. (rPois)
You cover ground very slowly.
You have a slow metabolism.
You can spit poison.


Message History

The hobgoblin hits you.
* * * LOW HITPOINT WARNING * * *
You block the ooze's attack.
Your shield prevents you from hitting the ooze.
You block the hobgoblin's attack. The ooze hits you.
* * * LOW HITPOINT WARNING * * *
The hobgoblin completely misses you.
Evoke which item? (* to show all) (? for menu, Esc to quit)
Aiming: Paralyse
Press: ? - help, Shift-Dir - straight line, f/p - hobgoblin
Aim: a hobgoblin (chance to defeat MR: 71%)
The hobgoblin suddenly stops moving!
The ooze barely misses you.
Evoke which item? (* to show all) (? for menu, Esc to quit)
Aiming: Paralyse
Press: ? - help, Shift-Dir - straight line, p - hobgoblin
Okay, then.
You barely miss the ooze. The ooze hits you.
* * * LOW HITPOINT WARNING * * *
The ooze hits you.
You die...

#######....... ##
#............ . ..#
#.......##.####..
#..###.......#...#...
#.........÷...#...##
######.....†........
#...#.......#### .##
....#......[..###....#
.......#.##.#..@g......
..######.##...J<†......
. ##......[.........
.####..........#......
...............%........
#...#####....#...##.....
.. #........##.....
$......#.[.........##
#..#####........#


You could see an ooze and a hobgoblin (paralysed).

Vanquished Creatures
  A worker ant (D:2)
  An ooze (D:2)
  2 dart slugs
  A leopard gecko (D:1)
  A ball python (D:2)
  4 bats
  2 giant cockroaches (D:1)
  5 goblins
  5 hobgoblins
  2 jackals (D:1)
  2 kobolds (D:1)
  A frilled lizard (D:1)
  3 rats
30 creatures vanquished.

Notes
Turn   | Place    | Note
-------+----------+-------------------------------------------
     0 | D:1      | hurricos the Naga Sloth Apostle began the quest for the
                  | Orb.
     0 | D:1      | Reached XP level 1. HP: 19/19 MP: 2/2
   275 | D:1      | Reached XP level 2. HP: 26/26 MP: 3/3
   798 | D:1      | Reached XP level 3. HP: 32/32 MP: 4/4
  1423 | D:2      | Reached XP level 4. HP: 17/39 MP: 5/5
  1428 | D:2      | Slain by an ooze

Skill      XL: |  1  2  3 |
---------------+----------+-----
Evocations     | 2 |  2.5
Shields        | 2 |  2.2
Fighting       | |  2.0
Stealth        | |  4.8
Unarmed Combat | |  2.8
Spellcasting   | |  1.0
Hexes          | |  1.0

Action                   |  1- 3 |  4- 6 || total
-------------------------+-------+-------++-------
Melee: Unarmed           |    77 |     4 ||    81
 Abil: Spit Poison       |    25 |       ||    25
Evoke: Wand              |     8 |     1 ||     9
  Use: Scroll            |     2 |       ||     2
 Stab: Paralysed         |     8 |     1 ||     9
       Sleeping          |     1 |       ||     1
  Eat: Chunk             |     4 |       ||     4
Armor: Robe              |    12 |       ||    12
Dodge: Dodged            |    29 |     2 ||    31
Block: Medium shield     |    40 |     2 ||    42
